 Dungeon Crawl Stone Soup version 0.31.0 (webtiles) character file.

Game seed: 1941430945332969955

79 qw the Shooter (level 4, 0/28 HPs)
             Began as a Gargoyle Hunter on Jan 20, 2024.
             Slain by Sigmund
             ... wielding a +0 scythe
              (8 damage)
             ... on level 3 of the Dungeon.
             The game lasted 00:00:07 (1778 turns).

qw the Shooter (Gargoyle Hunter)                    Turns: 1778, Time: 00:00:07

Health: 0/28       AC: 11    Str: 15    XL:     4   Next: 37%
Magic:  4/4        EV: 11    Int:  9    God:
Gold:   114        SH:  0    Dex: 15    Spells: 3/3 levels left

rFire   . . .        a - +0 shortbow
rCold   + . .        (shield currently unavailable)
rNeg    + . .        l - +0 leather armour {rC+}
rPois   inf          j - +2 helmet
rElec   +            k - +0 cloak
rCorr   .            (no gloves)
SInv    .            b - +0 pair of boots
Will    .....        (no amulet)
Stlth   ++           (no ring)
HPRegen 0.24/turn    (no ring)
MPRegen 0.09/turn

%: no passive effects
@: no status effects
A: sickness immunity, AC +3, negative energy resistance 1, electricity
resistance, torment resistance 1, petrification resistance
a: no special abilities


You were on level 3 of the Dungeon.
You visited 1 branch of the dungeon, and saw 3 of its levels.

You collected 114 gold pieces.


Innate Abilities, Weirdness & Mutations

You are immune to sickness and miasma.
Your stone body is resilient. (AC +3)
You are immune to poison.
You resist negative energy. (rN+)
You are resistant to electric shocks. (rElec)
You are resistant to unholy torment.
You are immune to petrification.


   Skills:
 - Level 3.0 Fighting
 + Level 5.2 Ranged Weapons
 - Level 1.0 Armour
 - Level 1.5 Dodging
 - Level 1.1 Stealth


You had 3 spell levels left.
You didn't know any spells.
Your spell library was empty.

Inventory:

Hand Weapons
 a - a +0 shortbow (weapon)
Armour
 b - a +0 pair of boots (worn)
 f - a +0 ring mail
 j - a +2 helmet (worn)
 k - a +0 cloak (worn)
 l - a +0 leather armour of cold resistance (worn)
Potions
 i - a potion of curing
 m - a potion of enlightenment
 n - a potion of resistance {unknown}

Dungeon Overview and Level Annotations

Branches:
Dungeon (3/15)

Altars:

Annotations:
D:3 Sigmund


Message History

The ball python grabs you. The ball python constricts you.
The ribbon worm bites you but does no damage.
Something hits you.
You shoot an arrow. The arrow hits the ball python.
You kill the ball python!
The ribbon worm bites you but does no damage.
You shoot an arrow.
The arrow barely misses the ribbon worm.
Something hits you.
The ribbon worm bites you but does no damage.
You shoot an arrow. The arrow hits the ribbon worm!
The ribbon worm is almost dead.
The rat bites you but does no damage. Something hits you.
The ribbon worm expels a string of sticky webbing.
The stream of webbing misses you.
The stream of webbing hits the rat but does no damage.
The rat is caught in a web!
You shoot an arrow.
The arrow barely misses the ribbon worm.
The rat struggles to get unstuck from the web.
The ribbon worm bites you but does no damage.
You shoot an arrow.
The arrow hits the ribbon worm but does no damage.
The ribbon worm is severely wounded.
Something hits you.
The rat struggles to get unstuck from the web.
The ribbon worm barely misses you.
You shoot an arrow. The arrow hits the ribbon worm.
The ribbon worm is severely wounded.
The rat tears the web.
Something completely misses you.
The ribbon worm bites you but does no damage.
You shoot an arrow. The arrow hits the ribbon worm.
You kill the ribbon worm!
The rat bites you but does no damage. Something hits you.
The rat closely misses you.
You shoot an arrow. The arrow hits the rat.
You kill the rat!
You hear the slow rusting of a drain very nearby.
Something hits you!
You die...

..#..######
............#
#..#..>.....#
#..#........####
#..........##.# ###
### #........)).####.#
#.#
#.........#...%#.###.#
#...[....####....##..
##..@####......#.....
####%{#########..#..
....# ....###. ....^#
#.#### #. ......## #.
.^^.... ######.
^..>... ....%%.
......? ######. #####
##


There were no monsters in sight!

Vanquished Creatures
  An adder (D:2)
  3 ribbon worms
  2 dart slugs
  An orc (D:3)
  8 ball pythons
  2 bats (D:1)
  8 endoplasms
  2 giant cockroaches
  7 goblins
  3 hobgoblins
  A quokka (D:2)
  9 frilled lizards
  3 kobolds
  5 rats
  A spectral kobold (D:1)
56 creatures vanquished.

Notes
Turn   | Place    | Note
-------+----------+-------------------------------------------
     0 | D:1      | qw the Gargoyle Hunter began the quest for the Orb.
     0 | D:1      | Reached XP level 1. HP: 12/12 MP: 1/1
     0 | D:1      | 0 ||| qw: Version: 0.3-a-132-g3d54051
     0 | D:1      | 0 ||| qw: Game counter: 472
     0 | D:1      | 0 ||| qw: Melee chars always use a shield: true
     0 | D:1      | 0 ||| qw: God list: Okawaru
     0 | D:1      | 0 ||| qw: Allow faded altars: false
     0 | D:1      | 0 ||| qw: Do Orc after clearing Dungeon:15 true
     0 | D:1      | 0 ||| qw: Do second Lair branch before Depths: true
     0 | D:1      | 0 ||| qw: Lair rune preference: random
     0 | D:1      | 0 ||| qw: Goals: Normal
     0 | D:1      | 0 ||| PLANNING D:1-11
   251 | D:1      | Reached XP level 2. HP: 17/17 MP: 2/2
   450 | D:1      | Found a faded altar of an unknown god.
   693 | D:1      | Reached XP level 3. HP: 21/21 MP: 3/3
   752 | D:1      | Reached skill level 5 in Ranged Weapons
   783 | D:1      | 783 ||| UPGRADING to +0 helmet.
   788 | D:1      | 788 ||| UPGRADING to +2 helmet.
   798 | D:1      | 798 ||| DROPPING +0 helmet.
   799 | D:1      | 799 ||| READING scroll labelled BOT DOIGRO.
   802 | D:1      | 802 ||| READING scroll labelled QIURI RIEZ.
   803 | D:1      | 803 ||| DROPPING scroll of butterflies.
  1076 | D:2      | 1076 ||| FLEEEEING.
  1484 | D:2      | Reached skill level 3 in Fighting
  1521 | D:2      | Reached XP level 4. HP: 27/28 MP: 4/4
  1566 | D:2      | 1566 ||| UPGRADING to +0 pair of boots.
  1571 | D:2      | 1571 ||| UPGRADING to +0 ring mail.
  1581 | D:2      | 1581 ||| DROPPING +0 leather armour.
  1582 | D:2      | 1582 ||| UPGRADING to +0 cloak.
  1587 | D:2      | 1587 ||| UPGRADING to +0 leather armour of cold resistance.
  1597 | D:2      | 1597 ||| READING 3 scrolls labelled CUSAEV SOSARGH.
  1597 | D:2      | 1597 ||| IDENTIFYING amethyst potion
  1598 | D:2      | 1598 ||| READING 2 scrolls of identify.
  1598 | D:2      | 1598 ||| IDENTIFYING sedimented ruby potion
  1599 | D:2      | 1599 ||| READING scroll of identify.
  1599 | D:2      | 1599 ||| IDENTIFYING pink potion
  1600 | D:2      | 1600 ||| DRINKING 2 lumpy cyan potions.
  1601 | D:2      | 1601 ||| DRINKING 2 green potions.
  1602 | D:2      | 1602 ||| DROPPING potion of magic.
  1603 | D:2      | 1603 ||| DROPPING potion of attraction.
  1604 | D:2      | 1604 ||| DROPPING potion of brilliance.
  1637 | D:3      | 1637 ||| PLANNING SEWER
  1742 | D:3      | Reached skill level 1 in Armour
  1754 | D:3      | Noticed Sigmund
  1777 | D:3      | HP: 7/28 [something (4)]
  1778 | D:3      | Slain by Sigmund

Levels and vault maps discovered:
D:1:      scummos_arrival_simple_fountains, layout_loops_corners,
          dreamdust_ecumenical_altar_drowned_temple
D:2:      layout_basic
D:3:      layout_rooms, cheibrodos_worm_habitat, cheibrodos_sewer_entry_drain,
          kennysheep_cross_room, minmay_fountain_box, nicolae_wormholes,
          uniq_terence, uniq_sigmund

Skill      XL: |  1  2  3  4 |
---------------+-------------+-----
Ranged Weapons | 5 |  5.2
Fighting       | 3 |  3.0
Armour         | 1 |  1.0
Dodging        | |  1.5
Stealth        | |  1.1

Action                     |  1- 3 |  4- 6 || total
---------------------------+-------+-------++-------
   Fire: Shortbow          |   128 |    54 ||   182
    Use: Scroll            |     2 |     3 ||     5
         Potion            |       |     2 ||     2
 Armour: Leather armour    |    22 |    27 ||    49
  Dodge: Dodged            |    29 |    21 ||    50

Table legend:
 A = Non-vault XP
 B = Vault XP
 C = Vault XP percentage of total XP
 D = Non-vault monster count
 E = Vault monster count
 F = Vault count percentage of total count
                 A         B        C        D         E       F
            +---------+---------+-------+---------+---------+-------
      Total |     102 |      12 |  10.5 |      51 |       5 |   8.9
            +---------+---------+-------+---------+---------+-------
        D:1 |      39 |       1 |   2.5 |      22 |       1 |   4.3
        D:2 |      47 |       0 |   0.0 |      22 |       0 |   0.0
        D:3 |      16 |      11 |  40.7 |       7 |       4 |  36.4
            +---------+---------+-------+---------+---------+-------
